 Dungeon Crawl Stone Soup version 0.21.0-25-ge575cb9ce8 (webtiles) character file.

231 Hat the Chopper (level 5, -8/46 HPs)
             Began as a Deep Dwarf Berserker on Jan 26, 2018.
             Was a Believer of Trog.
             Mangled by an ogre
             ... wielding a +0 giant spiked club
              (16 damage)
             ... on level 4 of the Dungeon.
             The game lasted 00:17:40 (2296 turns).

Hat the Chopper (Deep Dwarf Berserker)              Turns: 2296, Time: 00:17:41

Health: -8/46      AC: 10    Str: 21    XL:     5   Next: 73%
Magic:  14/14      EV:  6    Int:  8    God:    Trog [**....]
Gold:   167        SH:  0    Dex: 12    Spells: 4/4 levels left

rFire    . . .     SeeInvis .   a - +0 hand axe
rCold    . . .     Gourm    .   (no shield)
rNeg     . . .     Faith    .   t - +0 plate armour
rPois    .         Spirit   .   (no helmet)
rElec    .         Reflect  .   (no cloak)
rCorr    .         Harm     +   (no gloves)
MR       ++...                  (no boots)
Stlth    ..........             r - amulet of harm
HPRegen  1.00/turn              (no ring)
MPRegen  0.14/turn              m - ring of magical power

@: non-regenerating
A: damage resistance, heal wounds, sense surroundings 1, no regeneration
a: Heal Wounds, Berserk, Trog's Hand, Burn Spellbooks, Renounce Religion


You were on level 4 of the Dungeon.
You worshipped Trog.
Trog was pleased with you.
You were hungry.

You visited 1 branch of the dungeon, and saw 4 of its levels.

You collected 167 gold pieces.

Inventory:

Hand Weapons
 a - a +0 hand axe (weapon)
Armour
 t - a +0 plate armour (worn)
Jewellery
 m - a ring of magical power (right hand)
 r - an amulet of harm (around neck)
Scrolls
 d - 5 scrolls of teleportation
 p - 3 scrolls of noise {unknown}
Potions
 e - a potion of agility {unknown}
 g - 2 potions of mutation
 h - a potion of brilliance {unknown}
 i - a potion of berserk rage {unknown}
 j - 3 potions of curing {unknown}
 l - 2 potions of resistance {unknown}
 n - 2 potions of ambrosia {unknown}
 q - a potion of haste {unknown}
Comestibles
 b - 7 chunks of flesh
 c - 6 rations


   Skills:
 - Level 2.6 Fighting
 * Level 7.2 Axes
 - Level 2.1 Armour
 - Level 2.1 Dodging


You had 4 spell levels left.
You didn't know any spells.

Dungeon Overview and Level Annotations

Branches:
Dungeon (4/15)
 Temple: D:4-7

Altars:
Hepliaklqana
Makhleb


Innate Abilities, Weirdness & Mutations

You are resistant to damage.
You can heal yourself by infusing magical energy.
You passively map a small area around you.
You do not regenerate.


Message History

You slash the ogre!
The ogre is moderately wounded.
The ogre hits you with a giant spiked club.
You hit the ogre but do no damage.
The ogre is moderately wounded.
The worker ant waves its antennae.
You hit the ogre but do no damage.
The ogre is moderately wounded.
The ogre hits you with a giant spiked club!
* * * LOW HITPOINT WARNING * * *
Your plate armour prevents you from hitting the ogre.
The ogre is moderately wounded.
The ogre hits you but does no damage.
Your skin crawls.
You feel resistant to hostile enchantments.
You are feeling hungry.
You slash the ogre!
The ogre is severely wounded.
The ogre hits you with a giant spiked club!
You die...

* *.# *.( #### *#.* ...#### #.
##....# #.# ...##.#### #.#
##.##....#### ####.#######
#.#####....########.!..<.....#
#..# ####.(...@Oa#.O.a..$...#
##.# ########O#..........#
#.## #.......J....#
###..######### ###..........#
...#.........# #..........#
##...........# #........$.#
#####.......# ############
#.......# #..รท<...#


You could see 2 ogres and a worker ant.

Vanquished Creatures
  A crimson imp (D:3)
  2 worker ants
  A hound skeleton (D:4)
  3 adders (D:3)
  3 oozes
  3 worms
  3 dart slugs
  5 leopard geckos
  3 orcs (D:3)
  A ball python (D:1)
  3 giant cockroaches
  12 goblins
  6 hobgoblins
  5 jackals
  12 bats
  5 frilled lizards
  5 kobolds
  9 rats
82 creatures vanquished.

Notes
Turn   | Place    | Note
-------+----------+-------------------------------------------
     0 | D:1      | Hat the Deep Dwarf Berserker began the quest for the Orb.
     0 | D:1      | Reached XP level 1. HP: 20/20 MP: 1/1
   174 | D:1      | Reached XP level 2. HP: 20/27 MP: 2/2
   208 | D:1      | Reached skill level 4 in Axes
   488 | D:1      | Reached XP level 3. HP: 22/33 MP: 3/3
   781 | D:2      | Reached ** piety under Trog
   809 | D:2      | Reached skill level 5 in Axes
   918 | D:2      | Reached XP level 4. HP: 34/40 MP: 4/4
  1466 | D:3      | Reached skill level 6 in Axes
  1617 | D:4      | Noticed an ogre
  1783 | D:3      | Reached XP level 5. HP: 39/46 MP: 5/5
  2066 | D:3      | Found a hazy altar of Hepliaklqana.
  2151 | D:3      | Found a burning altar of Makhleb.
  2213 | D:4      | Reached skill level 7 in Axes
  2228 | D:4      | Reached *** piety under Trog
  2286 | D:4      | Noticed an ogre
  2296 | D:4      | Mangled by an ogre

Skill      XL: |  1  2  3  4  5 |
---------------+----------------+-----
Axes           | 4 5 6 7 |  7.2
Fighting       | |  2.6
Armour         | |  2.1
Dodging        | |  2.1

Action                   |  1- 3 |  4- 6 || total
-------------------------+-------+-------++-------
Melee: Hand axe          |   106 |   224 ||   330
Invok: Trog's Hand       |     2 |     3 ||     5
  Use: Scroll            |     3 |     1 ||     4
 Stab: Sleeping          |     1 |       ||     1
  Eat: Chunk             |     1 |     5 ||     6
Armor: Animal skin       |    17 |       ||    17
       Ring mail         |    20 |    43 ||    63
       Plate armour      |       |    70 ||    70
Dodge: Dodged            |    74 |    97 ||   171
